 Dungeon Crawl Stone Soup version 0.18.1-5-g4a78601 (webtiles) character file.

57 epen the Skirmisher (level 3, 0/29 HPs)
             Began as a Demonspawn Abyssal Knight on May 12, 2016.
             Was a Believer of Lugonu.
             Killed from afar by an orc wizard (11 damage)
             ... with a puff of flame
             ... on level 3 of the Dungeon.
             The game lasted 00:04:11 (1593 turns).

epen the Skirmisher (Demonspawn Abyssal Knight)     Turns: 1593, Time: 00:04:11

Health: 0/29       AC:  8    Str: 13    XL:     3   Next: 73%
Magic:  5/5        EV:  9    Int: 13    God:    Lugonu [**....]
Gold:   114        SH:  0    Dex: 12    Spells: 0 memorised, 2 levels left

rFire  . . .     SeeInvis .     a - +1 falchion
rCold  . . .     Gourm    .     o - +0 scale mail
rNeg   . . .     Faith    .     (no shield)
rPois  .         Spirit   .     (no helmet)
rElec  .         Dismiss  .     (no cloak)
rCorr  .         Reflect  .     (no gloves)
SustAt .         Harm     .     j - +0 pair of boots
MR     .....                    (no amulet)
Stlth  ..........               (no ring)
                                (no ring)

@: not resistant to hostile enchantments, extremely unstealthy
A: hooves 1, rugged brown scales 1
a: Depart the Abyss, Bend Space, Renounce Religion


You were on level 3 of the Dungeon.
You worshipped Lugonu.
Lugonu was pleased with you.
You were hungry.

You visited 1 branch of the dungeon, and saw 3 of its levels.
You visited the Abyss 1 time.

You collected 114 gold pieces.

Inventory:

Hand Weapons
 a - a +1 falchion (weapon)
Armour
 b - a +0 leather armour
 h - a +0 ring mail
 j - a +0 pair of boots (worn)
 o - a +0 scale mail (worn)
Jewellery
 t - an uncursed ring of poison resistance {unknown}
Scrolls
 f - a scroll of fear {unknown}
 g - a scroll of enchant armour {unknown}
 u - a scroll of identify {unknown}
 v - 2 scrolls of remove curse {unknown}
 w - a scroll of blinking {unknown}
Potions
 e - 4 potions of might {unknown}
 i - a potion of cancellation {unknown}
 k - a potion of resistance {unknown}
 l - 2 potions of haste {unknown}
 m - 2 potions of heal wounds {unknown}
 p - a potion of ambrosia {unknown}
 q - a potion of flight {unknown}
 r - a potion of berserk rage {unknown}
 x - a potion of curing {unknown}
Comestibles
 c - 2 bread rations
 d - 3 meat rations
 s - 3 fruits


   Skills:
 + Level 3.6 Fighting
 * Level 2.2 Long Blades
 + Level 2.2 Armour
 + Level 1.3 Dodging
 * Level 3.1 Invocations


You had 2 spell levels left.
You didn't know any spells.

Dungeon Overview and Level Annotations

Branches:
Dungeon (3/15)

Altars:
Dithmenos


Innate Abilities, Weirdness & Mutations

You have large cloven feet.
You are partially covered in rugged brown scales (AC +1, +3% HP).


Message History

The orc barely misses you.
You hit the orc but do no damage.
The orc is severely wounded.
The orc hits you but does no damage.
Your scale mail prevents you from hitting the orc.
The orc is severely wounded.
The orc hits you with a club.
You closely miss the orc.
The orc is severely wounded.
The orc hits you but does no damage.
You hit the orc.
You kill the orc!
Lugonu accepts your kill.
You hear some strange, mumbled words.
A puff of frost appears from out of thin air!
The puff of frost hits you!
You hear some strange, mumbled words.
A puff of flame appears from out of thin air!
The puff of flame hits you!
You die...

#.....[..
#S.#######
#.>.......
##(########
#o#......#
#o#.####.#
#{#....#.#
#)#..#.#.#
#@#..#.#.#
#.#..#.#.#
#.#.<#.#.#
#.#.##.#.###
#.#....#...#
#.########.#
#..........#
############


You could see an adder (wandering) and 2 orcs.

Vanquished Creatures
  An ooze (D:2)
  A worm (D:2)
  3 dart slugs
  2 orcs (D:3)
  2 giant cockroaches (D:2)
  5 goblins
  3 hobgoblins
  A quokka (D:2)
  6 bats
  6 giant newts
  5 kobolds
  7 rats
42 creatures vanquished.

Notes
Turn   | Place    | Note
--------------------------------------------------------------
     0 | Abyss:1  | epen the Demonspawn Abyssal Knight began the quest for the Orb.
     0 | Abyss:1  | Reached XP level 1. HP: 18/18 MP: 2/2
    67 | Abyss:1  | Found a corrupted altar of Lugonu.
   120 | Abyss:1  | Noticed a starcursed mass
   124 | D:1      | Escaped the Abyss
   198 | D:1      | Reached * piety under Lugonu
   467 | D:1      | Gained mutation: You have large cloven feet. [demonic ancestry]
   467 | D:1      | Reached XP level 2. HP: 24/24 MP: 4/4
   504 | D:1      | Reached skill level 1 in Dodging
   651 | D:2      | Gained mutation: You are partially covered in rugged brown scales (AC +1, +3% HP). [demonic ancestry]
   651 | D:2      | Reached XP level 3. HP: 18/29 MP: 5/5
  1138 | D:2      | Found a shadowy altar of Dithmenos.
  1407 | D:2      | Reached ** piety under Lugonu
  1593 | D:3      | Killed from afar by an orc wizard

Skill      XL: |  1  2  3 |
---------------+----------+-----
Armour         | 2 |  2.2
Dodging        | 1 |  1.3
Long Blades    | 2 |  2.2
Invocations    | 3 |  3.1
Fighting       | |  3.6

Action                   || total
-------------------------++-------
Melee: Falchion          ||   157
Invok: Depart the Abyss  ||     1
  Eat: Chunk             ||     2
Armor: Ring mail         ||    34
       Leather armour    ||     4
       Scale mail        ||    43
Dodge: Dodged            ||    77
